Map: Kairos Junction LE

Players

GOReynor (Reynor) - Winner!

  • Race: Zerg Zerg
  • League: Master
  • Spawn Location: 11:00

PtitDrogo

  • Race: Protoss Protoss
  • League: Master
  • Spawn Location: 5:00

Event: QLASH StarCraft II Invitational 2 Offline Finals

VOD

Have the link to the VOD?

Description

Time

  • Played on: July 27, 2019, 3:51 p.m.
  • Length: 8:05

All games in this series

Show
View Real Time Build Order
Export as new Build Order

GOReynor Zerg - Winner!

Build Orders: Hatch First 

Get SALT Encoding   

  12  0:00  Drone  
  13  0:12  Overlord  
  13  0:16  Drone  
  14  0:30  Drone x2  
  17  0:42  Drone  
  17  0:52  Hatchery  
  17  0:56  Drone  
  17  0:59  Drone  
  18  1:12  Extractor  
  18  1:15  Spawning Pool  
  18  1:18  Drone  
  17  1:21  Drone  
  18  1:28  Drone  
  19  1:39  Overlord  
  19  2:01  Zergling x4  
  19  2:02  Queen  
  19  2:04  Drone, Queen  
  26  2:10  Drone  
  27  2:16  Metabolic Boost  
  27  2:17  Drone  
  27  2:21  Drone  
  29  2:27  Drone  
  30  2:39  Hatchery  
  30  2:43  Zergling x4  
  31  2:47  Overlord  
  31  2:50  Drone  
  32  2:55  Evolution Chamber  
  32  2:57  Drone  
  32  3:00  Drone  
  33  3:05  Drone  
  33  3:09  Overlord  
  33  3:11  Drone x3  
  37  3:17  Queen  
  39  3:20  Drone  
  39  3:22  Drone  
  41  3:28  Drone  
  41  3:30  Drone  
  43  3:38  Drone  
  44  3:41  Zergling x4  
  44  3:42  Zergling x2  
  44  3:44  Overlord  
  44  3:46  Drone x3  
  50  3:53  Overlord, Roach Warren  
  50  3:54  Drone  
  50  3:57  Drone  
  51  4:03  Overlord  
  51  4:04  Drone  
  51  4:07  Zergling x2  
  53  4:12  Drone  
  53  4:15  Overlord  
  53  4:16  Drone x3  
  57  4:19  Extractor x2  
  57  4:21  Zergling x2  
  57  4:23  Queen  
  58  4:24  Zergling x2  
  58  4:27  Zergling x4  
  58  4:29  Zergling x2  
  58  4:30  Zergling x2  
  58  4:31  Zergling x2  
  64  4:34  Overlord  
  60  4:49  Drone x4  
  60  4:50  Drone  
  60  4:52  Lair  
  64  4:53  Drone x3  
  64  4:59  Roach x5  
  76  5:01  Drone  
  76  5:04  Overlord  
  77  5:09  Roach x2  
  77  5:11  Roach  
  77  5:13  Drone  
  84  5:16  Roach, Extractor  
  85  5:24  Overlord  
  85  5:25  Roach  
  85  5:26  Roach x3  
  85  5:27  Drone x2  
  92  5:31  Roach  
  92  5:33  Overlord  
  94  5:39  Drone x2  
  96  5:45  Roach x2  
  96  5:46  Roach x2  
  104  5:50  Glial Reconstitution, Overlord  
  104  5:51  Roach  
  104  5:56  Drone  
  107  5:59  Overlord, Extractor  
  107  6:02  Drone x2  
  107  6:04  Ravager x2  
  110  6:05  Roach x3  
  116  6:16  Overlord  
  115  6:18  Drone  
  115  6:21  Roach x4  
  115  6:25  Overlord  
  120  6:27  Ravager  
  120  6:30  Overlord  
  120  6:31  Roach x4  
  129  6:34  Ravager  
  129  6:35  Roach  
  130  6:41  Overlord  
  130  6:43  Roach x3  
  130  6:46  Ravager  
  137  6:49  Roach, Zergling x8  
  137  6:54  Roach x2  
  145  7:00  Overlord  
  145  7:01  Roach x2  
  149  7:03  Roach  
  149  7:04  Ravager  
  149  7:06  Roach x2  
  156  7:11  Overlord  
  154  7:22  Roach x7  
  151  7:28  Roach  
  151  7:29  Roach x2  
  147  7:31  Roach x2  
  147  7:35  Roach  
  134  7:39  Roach  
  134  7:40  Roach x2  
  134  7:43  Roach  
  134  7:44  Roach  
Show
View Real Time Build Order
Export as new Build Order

PtitDrogo Protoss 

Build Orders: 1 Gate Expand, Archon Immortal 

Get SALT Encoding   

  12  0:00  Probe  
  13  0:12  Probe  
  14  0:19  Pylon  
  14  0:25  Probe  
  15  0:33  Probe  
  15  0:42  Gateway, Probe  
  17  0:51  Assimilator  
  17  0:52  Probe  
  18  1:04  Probe  
  19  1:16  Probe  
  20  1:27  Nexus  
  20  1:36  Cybernetics Core  
  20  1:38  Probe  
  21  1:45  Assimilator  
  21  1:50  Probe  
  21  1:53  Pylon  
  22  2:02  Adept  
  22  2:03  Probe  
  25  2:15  Robotics Facility  
  25  2:16  Probe  
  25  2:21  Warp Gate  
  26  2:23  Stalker  
  26  2:28  Probe  
  27  2:35  Probe  
  29  2:40  Probe  
  29  2:43  Probe  
  32  2:52  Probe  
  32  2:53  Probe  
  34  2:58  Warp Prism  
  34  3:05  Probe x2  
  38  3:07  Sentry  
  38  3:11  Pylon  
  40  3:17  Probe x2  
  42  3:20  Gateway  
  42  3:23  Immortal  
  42  3:29  Probe x2  
  44  3:41  Probe  
  49  3:43  Probe  
  49  3:44  Pylon  
  50  3:53  Probe  
  51  3:56  Probe  
  51  3:59  Assimilator  
  51  4:01  Immortal  
  51  4:02  Assimilator  
  56  4:08  Probe x2  
  58  4:10  Pylon  
  58  4:17  Zealot x2  
  62  4:27  Twilight Council  
  62  4:28  Forge, Probe  
  62  4:29  Probe  
  64  4:39  Immortal  
  60  4:50  Protoss Ground Weapons Level 1  
  64  4:53  Sentry x2, Pylon  
  68  5:03  Charge  
  68  5:16  Gateway  
  68  5:17  Gateway, Sentry  
  68  5:18  Immortal  
  74  5:32  Gateway x2, Templar Archives  
  74  5:36  Gateway  
  74  5:39  Gateway  
  74  5:42  Gateway  
  74  5:50  Pylon  
  74  5:51  Pylon  
  74  6:00  Zealot x2  
  78  6:17  Zealot x2  
  80  6:24  Pylon  
  80  6:26  Pylon  
  80  6:27  Zealot x4  
  88  6:32  Pylon  
  88  6:33  Zealot  
  88  6:34  Pylon  
  90  6:41  High Templar x2  
  90  6:42  High Templar x2  
  90  6:45  Archon  
  90  6:46  Archon  
  98  6:52  High Templar  
  100  6:55  High Templar, Zealot x3  
  100  6:58  Pylon  
  100  6:59  Archon  
  108  7:14  Zealot x4  
  116  7:20  Zealot x3  
  98  7:32  Zealot x2  
  98  7:36  Zealot x3  
  90  7:47  Zealot  
  90  7:48  Zealot x3  
  90  7:49  Probe  
Tags
 
Add a new tag
Caveats
  • Supply blocks, unpowered buildings, or Contaminate may cause inaccurate times.
  • Supply counts are checked every 10 seconds.